HSSL
BROKEN ARROW HS @ EVANS HS KNIGHTS
04/18/2030
 
TOP OF THE 1ST
Broken Arrow HS batting - Pitching for Evans HS Knights : RHP Cory Miller
Pitching: RHP Cory Miller
Batting: RHB Bo Long 0-0: Foul Ball, location: 2F
0-1: Foul Ball, location: 2F
0-2: Fly out, F9 (Line Drive, 9S)
Batting: RHB Donnie Bryan 0-0: Ball
1-0: Ball
2-0: Foul Ball, location: 2F
2-1: Ball
3-1: Base on Balls
Batting: SHB Heath Rhodes 0-0: Called Strike
0-1: Ball
1-1: Foul Ball, location: 2F
1-2: Ball
2-2: SINGLE (Flyball, 9LS)
Donnie Bryan to second
Runner from 2nd tries for 3rd, SAFE, no throw
Batting: LHB Michael Keller 0-0: Called Strike
0-1: Foul Ball, location: 2F
0-2: Strikes out swinging
Batting: RHB Paul Dowd 0-0: Foul Ball, location: 2F
0-1: Foul Ball, location: 2F
0-2: 3-RUN HOME RUN (Flyball, 7LD), Distance : 358 ft
Batting: LHB James Carlson 0-0: Ball
1-0: Ball
2-0: Foul Ball, location: 2F
2-1: Fly out, F7 (Flyball, 78XD)
Top of the 1st over - 3 runs, 2 hits, 0 errors, 0 left on base; Broken Arrow HS 3 - Evans HS 0
BOTTOM OF THE 1ST
Evans HS Knights batting - Pitching for Broken Arrow HS : LHP Joaquín Galtán
Pitching: LHP Joaquín Galtán
Batting: RHB Scott Wells 0-0: Called Strike
0-1: Foul Ball, location: 2F
0-2: SOLO HOME RUN (Flyball, 9LD), Distance : 356 ft
Batting: LHB Thierry Dufresne 0-0: Ball
1-0: Ball
2-0: Called Strike
2-1: Foul Ball, location: 2F
2-2: Ball
3-2: Foul Ball, location: 2F
3-2: Base on Balls
Batting: RHB Tom Proctor 0-0: Ball
1-0: Called Strike
1-1: Ball
2-1: Ball
3-1: SINGLE (Groundball, 56D)
Thierry Dufresne to second
Batting: RHB Deron Rolen 0-0: Called Strike
0-1: Ball
1-1: Ball
2-1: Swinging Strike
2-2: Ball
3-2: Foul Ball, location: 2F
3-2: Foul Ball, location: 2F
3-2: Foul Ball, location: 2F
3-2: 3-RUN HOME RUN (Flyball, 7LD), Distance : 359 ft
Batting: RHB Jim Klockow 0-0: Swinging Strike
0-1: Ball
1-1: SOLO HOME RUN (Flyball, 7LD), Distance : 348 ft
Batting: LHB Pedro González 0-0: Ball
1-0: Ground out 4-3 (Groundball, 4)
Batting: RHB Alex Badger 0-0: Ball
1-0: Called Strike
1-1: Foul Ball, location: 2F
1-2: Ball
2-2: Foul Ball, location: 2F
2-2: Ball
3-2: Fly out, F9 (Flyball, 89D)
Batting: RHB Dominic Veillette 0-0: Foul Ball, location: 2F
0-1: Fly out, F3 (Popup, 3S)
Bottom of the 1st over - 5 runs, 4 hits, 0 errors, 0 left on base; Broken Arrow HS 3 - Evans HS 5
TOP OF THE 2ND
Broken Arrow HS batting - Pitching for Evans HS Knights : RHP Cory Miller
Batting: RHB James Thompson 0-0: Called Strike
0-1: Foul Ball, location: 2F
0-2: Ball
1-2: Strikes out swinging
Batting: LHB Mac Little 0-0: Ball
1-0: DOUBLE (Line Drive, 7LD)
Batting: RHB Daniel Conner 0-0: Foul Ball, location: 2F
0-1: Reached on error, E5 (Groundball, 56)
Mac Little to third
Batting: RHB Bo Long 0-0: Swinging Strike
0-1: Called Strike
0-2: Strikes out swinging
Batting: RHB Donnie Bryan 0-0: Called Strike
0-1: Ball
1-1: Ball
2-1: Ball
3-1: Called Strike
3-2: Foul Ball, location: 2F
3-2: Strikes out swinging
Top of the 2nd over - 0 runs, 1 hit, 1 error, 2 left on base; Broken Arrow HS 3 - Evans HS 5
BOTTOM OF THE 2ND
Evans HS Knights batting - Pitching for Broken Arrow HS : LHP Joaquín Galtán
Batting: SHB Powell Phillips 0-0: SINGLE (Line Drive, 4D)
Batting: RHB Scott Wells 0-0: Ball
1-0: Foul Ball, location: 2F
1-1: Grounds into double play, 5-4-3 (Groundball, 56)
Batting: LHB Thierry Dufresne 0-0: Ball
1-0: Foul Ball, location: 2F
1-1: Called Strike
1-2: Ball
2-2: SINGLE (Groundball, 34D)
Batting: RHB Tom Proctor 0-0: Ground out 1-3 (Groundball, P)
Bottom of the 2nd over - 0 runs, 2 hits, 0 errors, 1 left on base; Broken Arrow HS 3 - Evans HS 5
TOP OF THE 3RD
Broken Arrow HS batting - Pitching for Evans HS Knights : RHP Cory Miller
Batting: SHB Heath Rhodes 0-0: Ball
1-0: Called Strike
1-1: Foul Ball, location: 2F
1-2: Strikes out swinging
Batting: LHB Michael Keller 0-0: Ball
1-0: Ball
2-0: Called Strike
2-1: Ball
3-1: Called Strike
3-2: Base on Balls
Batting: RHB Paul Dowd 0-0: Foul Ball, location: 2F
0-1: Ball
1-1: Ball
2-1: Foul Ball, location: 2F
2-2: Strikes out swinging
Batting: LHB James Carlson 0-0: Called Strike
0-1: Ball
1-1: Ball
2-1: Foul Ball, location: 2F
2-2: Ball
3-2: Base on Balls
Michael Keller to second
Batting: RHB James Thompson 0-0: Ball
1-0: Foul Ball, location: 2F
1-1: Ball
2-1: SINGLE (Groundball, 56D)
Michael Keller to third
James Carlson to second
Runner from 3rd tries for Home, SAFE, no throw
Batting: LHB Mac Little 0-0: Called Strike
0-1: Foul Ball, location: 2F
0-2: Strikes out swinging
Top of the 3rd over - 1 run, 1 hit, 0 errors, 2 left on base; Broken Arrow HS 4 - Evans HS 5
BOTTOM OF THE 3RD
Evans HS Knights batting - Pitching for Broken Arrow HS : LHP Joaquín Galtán
Batting: RHB Deron Rolen 0-0: Called Strike
0-1: Foul Ball, location: 2F
0-2: Ball
1-2: Foul Ball, location: 2F
1-2: Ball
2-2: Ball
3-2: DOUBLE (Flyball, 8RXD)
Batting: RHB Jim Klockow 0-0: Fly out, F7 (Flyball, 7)
Batting: LHB Pedro González 0-0: Ball
1-0: Ball
2-0: Foul Ball, location: 2F
2-1: Foul Ball, location: 2F
2-2: Strikes out swinging
Batting: RHB Alex Badger 0-0: Called Strike
0-1: Ball
1-1: Ball
2-1: Foul Ball, location: 2F
2-2: Ground out 5-3 (Groundball, 56)
Bottom of the 3rd over - 0 runs, 1 hit, 0 errors, 1 left on base; Broken Arrow HS 4 - Evans HS 5
TOP OF THE 4TH
Broken Arrow HS batting - Pitching for Evans HS Knights : RHP Cory Miller
Batting: RHB Daniel Conner 0-0: Called Strike
0-1: Called Strike
0-2: Ball
1-2: Ball
2-2: Foul Ball, location: 2F
2-2: Ball
3-2: Foul Ball, location: 2F
3-2: Foul Ball, location: 2F
3-2: Foul Ball, location: 2F
3-2: Foul Ball, location: 2F
3-2: Foul Ball, location: 2F
3-2: Base on Balls
Pitching: LHP Jim Hayes
Batting: RHB Bo Long 0-0: Foul Ball, location: 2F
0-1: Foul Ball, location: 2F
0-2: Foul Ball, location: 2F
0-2: Ball
1-2: Foul Ball, location: 2F
1-2: Ball
2-2: 2-RUN HOME RUN (Flyball, 7D), Distance : 379 ft
Batting: RHB Donnie Bryan 0-0: Ball
1-0: Ball
2-0: Ball
3-0: Called Strike
3-1: Base on Balls
Batting: SHB Heath Rhodes 0-0: Foul Ball, location: 2F
0-1: Swinging Strike
0-2: Ball
1-2: Ball
2-2: SINGLE (Line Drive, 6MD)
Donnie Bryan to second
Batting: LHB Michael Keller 0-0: Swinging Strike
0-1: Ball
Wild Pitch!
Donnie Bryan to third
Heath Rhodes to second
1-1: Ball
2-1: Fly out, F8 (Flyball, 8RM)
Runner from 3rd tags up, SCORES, throw made
Batting: RHB Paul Dowd 0-0: Ball
1-0: Ground out 6-3 (Groundball, 6)
Batting: LHB James Carlson 0-0: Swinging Strike
0-1: Swinging Strike
0-2: Ball
1-2: Ball
2-2: Strikes out swinging
Top of the 4th over - 3 runs, 2 hits, 0 errors, 1 left on base; Broken Arrow HS 7 - Evans HS 5
BOTTOM OF THE 4TH
Evans HS Knights batting - Pitching for Broken Arrow HS : LHP Joaquín Galtán
Batting: RHB Dominic Veillette 0-0: Ball
1-0: Ball
2-0: Called Strike
2-1: Ball
3-1: Base on Balls
Batting: SHB Powell Phillips 0-0: Ball
1-0: Ball
2-0: Foul Ball, location: 2F
2-1: SINGLE (Groundball, 6D)
Dominic Veillette to second
Batting: RHB Scott Wells 0-0: Ball
1-0: Ball
2-0: Called Strike
2-1: Reached on error, E3 (Groundball, 3)
Dominic Veillette to third
Powell Phillips to second
Batting: LHB Thierry Dufresne 0-0: Called Strike
0-1: Swinging Strike
0-2: Ball
1-2: Strikes out swinging
Pitching: LHP Ken McKnight
Batting: RHB Tom Proctor 0-0: Called Strike
0-1: Fly out, F7 (Flyball, 7D)
Runner from 3rd tags up, SCORES, throw made
Batting: RHB Deron Rolen 0-0: Called Strike
0-1: Ball
1-1: SINGLE (Flyball, 7S)
Powell Phillips to third
Scott Wells to second
Runner from 3rd tries for Home, SAFE, no throw
Batting: RHB Jim Klockow 0-0: Called Strike
0-1: Swinging Strike
0-2: Ball
1-2: Ball
2-2: Ball
3-2: Base on Balls
Scott Wells to third
Deron Rolen to second
Batting: LHB Pedro González 0-0: Called Strike
0-1: DOUBLE (Groundball, 3L)
Scott Wells scores
Deron Rolen scores
Jim Klockow to third
Batting: RHB Alex Badger 0-0: Swinging Strike
0-1: Foul Ball, location: 2F
0-2: Strikes out swinging
Bottom of the 4th over - 4 runs, 3 hits, 1 error, 2 left on base; Broken Arrow HS 7 - Evans HS 9
TOP OF THE 5TH
Broken Arrow HS batting - Pitching for Evans HS Knights : LHP Jim Hayes
Batting: RHB James Thompson 0-0: DOUBLE (Flyball, 8RD)
Batting: LHB Mac Little 0-0: Called Strike
0-1: Called Strike
0-2: Ball
1-2: Ball
2-2: Strikes out swinging
Batting: RHB Daniel Conner 0-0: Ground out U3 (Groundball, 34)
James Thompson to third
Batting: RHB Bo Long 0-0: Swinging Strike
0-1: Ground out 6-3 (Groundball, 6)
Top of the 5th over - 0 runs, 1 hit, 0 errors, 1 left on base; Broken Arrow HS 7 - Evans HS 9
BOTTOM OF THE 5TH
Evans HS Knights batting - Pitching for Broken Arrow HS : RHP Larry Gray
Pitching: RHP Larry Gray
Batting: RHB Dominic Veillette 0-0: Ball
1-0: DOUBLE (Line Drive, 89D)
Batting: SHB Powell Phillips 0-0: Ball
1-0: Called Strike
1-1: Ball
2-1: Ground out 3-1 (Groundball, 34)
Dominic Veillette to third
Batting: RHB Scott Wells 0-0: Ball
1-0: Swinging Strike
1-1: Ball
2-1: DOUBLE (Groundball, 5L)
Dominic Veillette scores
Batting: LHB Thierry Dufresne 0-0: Called Strike
0-1: Ball
Passed Ball!
Scott Wells to third
1-1: Ball
2-1: Ball
3-1: Base on Balls
Batting: RHB Tom Proctor 0-0: Called Strike
0-1: Ball
1-1: 3-RUN HOME RUN (Flyball, 78XD), Distance : 435 ft
Pitching: RHP Elvin Pierce
Batting: RHB Deron Rolen 0-0: Ball
1-0: Ball
2-0: Ball
3-0: Base on Balls
Batting: RHB Jim Klockow 0-0: Ball
1-0: Swinging Strike
1-1: Ball
2-1: Ball
3-1: Foul Ball, location: 2F
3-2: SINGLE (Groundball, 6MD)
Deron Rolen to second
Batting: LHB Pedro González 0-0: Ball
1-0: Foul Ball, location: 2F
1-1: SINGLE (Flyball, 78S)
Deron Rolen to third
Jim Klockow to second
Batting: RHB Alex Badger 0-0: Foul Ball, location: 2F
0-1: Ball
1-1: Ball
2-1: Foul Ball, location: 2F
2-2: Ball
3-2: Grounds into double play, 2-2-3 (Groundball, 15S)
Bottom of the 5th over - 4 runs, 5 hits, 0 errors, 2 left on base; Broken Arrow HS 7 - Evans HS 13
TOP OF THE 6TH
Broken Arrow HS batting - Pitching for Evans HS Knights : LHP Jim Hayes
Batting: RHB Donnie Bryan 0-0: Ball
1-0: Swinging Strike
1-1: Ball
2-1: Ground out 5-3 (Groundball, 5)
Batting: SHB Heath Rhodes 0-0: Ball
1-0: Swinging Strike
1-1: Swinging Strike
1-2: Foul Ball, location: 2F
1-2: Ball
2-2: Strikes out looking
Batting: LHB Michael Keller 0-0: Ball
1-0: Fly out, F9 (Flyball, 89M)
Top of the 6th over - 0 runs, 0 hits, 0 errors, 0 left on base; Broken Arrow HS 7 - Evans HS 13
BOTTOM OF THE 6TH
Evans HS Knights batting - Pitching for Broken Arrow HS : RHP Elvin Pierce
Batting: RHB Dominic Veillette 0-0: Ball
1-0: Ball
2-0: Ball
3-0: Called Strike
3-1: Base on Balls
Batting: SHB Powell Phillips 0-0: Called Strike
0-1: Swinging Strike
0-2: Ball
1-2: Ball
2-2: Ball
3-2: Foul Ball, location: 2F
3-2: Base on Balls
Dominic Veillette to second
Batting: RHB Scott Wells 0-0: Reached on error, E3 (Groundball, 34S)
Dominic Veillette to third
Powell Phillips to second
Batting: LHB Thierry Dufresne 0-0: Ball
1-0: Ball
2-0: Foul Ball, location: 2F
2-1: Ball
3-1: Base on Balls
Dominic Veillette scores
Powell Phillips to third
Scott Wells to second
Batting: RHB Tom Proctor 0-0: Ball
1-0: Called Strike
1-1: Fielders Choice at 2nd, 3-6 (Groundball, 34)
Powell Phillips scores
Scott Wells to third
Pitching: RHP Bill Brady
Batting: RHB Deron Rolen 0-0: Foul Ball, location: 2F
0-1: Called Strike
0-2: Foul Ball, location: 2F
0-2: Foul Ball, location: 2F
0-2: Ball
1-2: Fly out, F8 (Flyball, 8LS)
Batting: RHB Jim Klockow 0-0: Fly out, F5 (Popup, 5S)
Bottom of the 6th over - 2 runs, 0 hits, 1 error, 2 left on base; Broken Arrow HS 7 - Evans HS 15
TOP OF THE 7TH
Broken Arrow HS batting - Pitching for Evans HS Knights : LHP Jim Hayes
Pitching: RHP Robert Martínez
Batting: RHB Paul Dowd 0-0: Ground out 4-3 (Groundball, 4)
Batting: LHB James Carlson 0-0: Foul Ball, location: 2F
0-1: Ball
1-1: Ball
2-1: Fly out, F7 (Line Drive, 7)
Batting: RHB James Thompson 0-0: Ball
1-0: Called Strike
1-1: Foul Ball, location: 2F
1-2: Ball
2-2: Fly out, F9 (Flyball, 89D)
Top of the 7th over - 0 runs, 0 hits, 0 errors, 0 left on base; Broken Arrow HS 7 - Evans HS 15
BOTTOM OF THE 7TH
Evans HS Knights batting - Pitching for Broken Arrow HS : RHP Bill Brady
Batting: LHB Pedro González 0-0: Fly out, F7 (Line Drive, 7S)
Batting: RHB Alex Badger 0-0: Called Strike
0-1: Swinging Strike
0-2: Ball
1-2: Ball
2-2: Foul Ball, location: 2F
2-2: Strikes out swinging
Batting: RHB Dominic Veillette 0-0: Ball
1-0: Ground out 1-3 (Groundball, 13)
Bottom of the 7th over - 0 runs, 0 hits, 0 errors, 0 left on base; Broken Arrow HS 7 - Evans HS 15
TOP OF THE 8TH
Broken Arrow HS batting - Pitching for Evans HS Knights : RHP Robert Martínez
Batting: LHB Mac Little 0-0: Ground out 4-3 (Groundball, 4)
Batting: RHB Daniel Conner 0-0: Foul Ball, location: 2F
0-1: Foul Ball, location: 2F
0-2: DOUBLE (Line Drive, 8LD)
Batting: RHB Bo Long 0-0: Called Strike
0-1: Ball
1-1: Fly out, F4 (Line Drive, 4)
Batting: RHB Donnie Bryan 0-0: Called Strike
0-1: Foul Ball, location: 2F
0-2: Strikes out swinging
Top of the 8th over - 0 runs, 1 hit, 0 errors, 1 left on base; Broken Arrow HS 7 - Evans HS 15
BOTTOM OF THE 8TH
Evans HS Knights batting - Pitching for Broken Arrow HS : RHP Bill Brady
Batting: SHB Powell Phillips 0-0: Called Strike
0-1: Ball
1-1: DOUBLE (Line Drive, 8LD)
Pitching: RHP Willis Reynolds
Batting: RHB Scott Wells 0-0: Ball
1-0: Ball
2-0: Ball
3-0: Called Strike
3-1: Base on Balls
Pitching: LHP Alonso Villanueva
Batting: LHB Thierry Dufresne 0-0: Called Strike
0-1: SINGLE (Groundball, 4MD)
Powell Phillips to third
Scott Wells to second
Runner from 3rd tries for Home, SAFE, no throw
Batting: RHB Tom Proctor 0-0: Ball
1-0: Fielders Choice at 2nd, 6-4 (Groundball, 6)
Scott Wells to third
Batting: RHB Deron Rolen 0-0: Called Strike
0-1: SINGLE (Groundball, 6MD)
Scott Wells scores
Tom Proctor to second
Batting: RHB Jim Klockow 0-0: Swinging Strike
0-1: Ball
1-1: Foul Ball, location: 2F
1-2: Ball
2-2: Ball
3-2: SINGLE (Line Drive, 7S)
Tom Proctor to third
Deron Rolen to second
Batting: LHB Pedro González 0-0: Ball
1-0: DOUBLE (Flyball, 8LXD)
Tom Proctor scores
Deron Rolen scores
Jim Klockow to third
Runner from 3rd tries for Home, SAFE, no throw
Batting: RHB Alex Badger 0-0: Foul Ball, location: 2F
0-1: Ground out 3-1 (Groundball, 34)
Pedro González to third
Batting: RHB Dominic Veillette 0-0: Called Strike
0-1: Swinging Strike
0-2: Foul Ball, location: 2F
0-2: Ball
1-2: Ball
2-2: Ground out 3-1 (Groundball, 34)
Bottom of the 8th over - 5 runs, 5 hits, 0 errors, 1 left on base; Broken Arrow HS 7 - Evans HS 20
TOP OF THE 9TH
Broken Arrow HS batting - Pitching for Evans HS Knights : RHP Robert Martínez
Batting: SHB Heath Rhodes 0-0: Called Strike
0-1: Ball
1-1: SINGLE (Flyball, 78S)
Batting: LHB Michael Keller 0-0: Swinging Strike
Passed Ball!
Heath Rhodes to second
0-1: Ball
1-1: Ball
2-1: Fly out, F7 (Flyball, 7)
Batting: RHB Paul Dowd 0-0: Called Strike
0-1: SINGLE (Groundball, 56D)
Heath Rhodes to third
Batting: LHB James Carlson 0-0: Called Strike
0-1: Ball
1-1: Ball
2-1: Ball
3-1: Base on Balls
Paul Dowd to second
Batting: RHB James Thompson 0-0: Foul Ball, location: 2F
0-1: Ball
1-1: Fly out, F7 (Flyball, 78M)
Runner from 3rd tags up, SCORES, no throw
Batting: LHB Mac Little 0-0: Ball
1-0: Ground out 4-3 (Groundball, 4)
Top of the 9th over - 1 run, 2 hits, 0 errors, 2 left on base; Broken Arrow HS 8 - Evans HS 20
Saturday, April 7th, 2018 - OOTP Baseball 18.8 Build 76